 Dungeon Crawl Stone Soup version 0.16.1-4-g8e1b745 (webtiles) character file.

357 Fluffy the Cleaver (level 6, -1/51 HPs)
             Began as a Hill Orc Fighter on Mar 27, 2015.
             Succumbed to poison (a potion of poison)
             ... on level 4 of the Dungeon.
             The game lasted 00:09:01 (3000 turns).

Fluffy the Cleaver (Hill Orc Fighter)               Turns: 3000, Time: 00:09:02

Health: -1/51      AC:  8    Str: 26    XL:     6   Next: 64%
Magic:  6/6        EV:  7    Int:  8    God:
Gold:   38         SH:  9    Dex: 10    Spells: 0 memorised, 5 levels left

rFire  . . .     SeeInvis .     a - +0 war axe
rCold  + . .     Clarity  .     b - +0 scale mail
rNeg   . . .     SustAb   .     c - +0 shield
rPois  .         Gourm    .     (no helmet)
rElec  +         Spirit   .     l - +0 cloak
rCorr  .         Warding  .     (no gloves)
rMut   .         Stasis   .     (no boots)
MR     .....                    (no amulet)
Stlth  ..........               (no ring)
                                v - ring "Nunkatsi" {+Fly rElec rC+ Stlth-}

@: mighty, lethally poisoned (-1 -> -40), not resistant to hostile enchantments,
extremely unstealthy
A: spit poison 1
a: Spit Poison, Evoke Flight


You were on level 4 of the Dungeon.
You were very hungry.

You visited 1 branch of the dungeon, and saw 4 of its levels.

You collected 193 gold pieces.
You spent 155 gold pieces at shops.

Inventory:

Hand weapons
 a - a +0 war axe (weapon)
 t - a +1 flail of crushing
Armour
 b - a +0 scale mail (worn)
 c - a +0 shield (worn)
 l - a +0 cloak (worn)
Jewellery
 v - the ring "Nunkatsi" (left hand) {+Fly rElec rC+ Stlth-}
   (You bought it in a shop on level 4 of the Dungeon)

   [ring of protection from cold]

   It protects you from cold.
   It insulates you from electricity.
   It lets you fly.
   It makes you less stealthy.
Scrolls
 g - a scroll of blinking
 h - 2 scrolls of remove curse
Potions
 p - a potion of cancellation {unknown}
 q - a potion of degeneration {unknown}
 r - a potion of brilliance {unknown}
 s - a potion of restore abilities {unknown}
Comestibles
 d - 2 meat rations
 i - 2 beef jerkies
 j - 3 bread rations


   Skills:
 - Level 3.6 Fighting
 + Level 9.0 Axes
 - Level 3.2 Armour
 - Level 3.2 Shields


You had 5 spell levels left.
You didn't know any spells.

Dungeon Overview and Level Annotations

Branches:
Dungeon (4/15)
 Temple: D:4-7

Altars:

Shops:
D:4 *

Annotations:
D:4 Edmund


Innate Abilities, Weirdness & Mutations

You can spit poison.


Message History

Edmund hits you with a flail of venom.
* * * LOW HITPOINT WARNING * * *
You are lethally poisoned!
You barely miss Edmund.
Edmund is lightly wounded.
* * * LOW HITPOINT WARNING * * *
You feel sick. Edmund hits you with a flail of venom.
* * * LOW HITPOINT WARNING * * *
You are more poisoned.
Drink which item? (? for menu, Esc to quit)
It was a potion of beneficial mutation.
There is a nasty taste in your mouth for a moment.
You feel fantastic!
* * * LOW HITPOINT WARNING * * *
You feel sick. Edmund hits you with a flail of venom.
* * * LOW HITPOINT WARNING * * *
Drink which item? (? for menu, Esc to quit)
It was a potion of poison.
That liquid tasted very nasty...
You are more poisoned.
You die...

.. +## ##+########....
....##...#.<....### .
#........$'รท)..#...+
<..+......@@.#....'...#
....#.........#....#...#
.[...##+######'#....# .##
.................%#'## #
..................'.......
#..................#......
+..................####+##
#......#'######'####
#......#...+ .......


You could see Edmund.

Vanquished Creatures
  The ghost of EmilioHeskey the Skirmisher, an average HOMo of Okawaru (D:4)
  A worker ant (D:4)
  8 adders
  4 worms
  A giant gecko (D:1)
  2 oozes
  5 orcs (D:3)
  12 bats
  A bat skeleton (D:4)
  4 giant cockroaches
  10 hobgoblins
  2 jackals (D:1)
  A giant gecko skeleton (D:4)
  3 giant newts
  8 goblins
  10 kobolds
  A quokka skeleton (D:4)
  13 rats
87 creatures vanquished.

Notes
Turn   | Place    | Note
--------------------------------------------------------------
     0 | D:1      | Fluffy, the Hill Orc Fighter, began the quest for the Orb.
     0 | D:1      | Reached XP level 1. HP: 19/19 MP: 1/1
     0 | D:1      | Noticed a minotaur skeleton
     0 | D:1      | Noticed a spriggan skeleton
     8 | D:1      | Noticed a minotaur skeleton
    10 | D:1      | Noticed an elf skeleton
    10 | D:1      | Noticed a spriggan skeleton
    12 | D:1      | Noticed a troll skeleton
    12 | D:1      | Noticed a draconian skeleton
    16 | D:1      | Noticed a vine stalker skeleton
    16 | D:1      | Noticed a vine stalker skeleton
   141 | D:1      | Reached XP level 2. HP: 26/26 MP: 2/2
   431 | D:1      | Reached skill level 4 in Axes
   629 | D:1      | Reached XP level 3. HP: 26/31 MP: 3/3
  1014 | D:2      | Reached skill level 5 in Axes
  1509 | D:2      | Reached XP level 4. HP: 37/39 MP: 4/4
  1827 | D:3      | Reached skill level 6 in Axes
  1925 | D:3      | Reached XP level 5. HP: 39/45 MP: 5/5
  2075 | D:3      | Reached skill level 7 in Axes
  2307 | D:4      | Noticed EmilioHeskey's ghost (average HOMo)
  2645 | D:4      | Found Uliet's Assorted Antiques.
  2657 | D:4      | Bought a pitted marble ring for 155 gold pieces
  2658 | D:4      | Identified the ring "Nunkatsi" {+Fly rElec rC+ Stlth-} (You bought it in a shop on level 4 of the Dungeon)
  2991 | D:4      | Killed EmilioHeskey's ghost
  2991 | D:4      | Reached skill level 9 in Axes
  2991 | D:4      | Reached XP level 6. HP: 15/51 MP: 6/6
  2994 | D:4      | Noticed Edmund
  2999 | D:4      | Gained mutation: You can spit poison. [potion of beneficial mutation]
  3000 | D:4      | Succumbed to poison (a potion of poison)

Action                   |  1- 3 |  4- 6 || total
-------------------------+-------+-------++-------
Melee: War axe           |    99 |   195 ||   294
  Use: Scroll            |       |     6 ||     6
       Potion            |       |     3 ||     3
  Eat: Chunk             |     1 |     5 ||     6
